 Dungeon Crawl Stone Soup version 0.26-a0-651-gb41185065b (webtiles) character file.

Game seed: 18400277793823493215

316360 Flugslaktarn the Tortoise (level 20, -4/201 HPs)
             Began as a Deep Dwarf Fighter on Oct 26, 2020.
             Was the Champion of Makhleb.
             Killed from afar by a Brimstone Fiend (46 damage)
             ... with damnation
             ... on level 3 of the Depths.
             The game lasted 00:19:01 (18604 turns).

Flugslaktarn the Tortoise (Deep Dwarf Fighter)     Turns: 18604, Time: 00:19:02

Health: -4/201     AC: 33    Str: 24    XL:     20   Next: 14%
Magic:  8/8        EV:  6    Int:  7    God:    Makhleb [******]
Gold:   2480       SH: 22    Dex: 13    Spells: 19/19 levels left

rFire    + + .     SeeInvis .   a - +6 broad axe (flame)
rCold    + + +     Faith    .   H - +0 tower shield
rNeg     + . .     Spirit   .   W - +0 gold dragon scales
rPois    +         Reflect  .   y - +2 helmet
rElec    .         Harm     .   O - +0 cloak
rCorr    .         Rampage  .   e - +1 pair of gloves
MR       +++..     Rnd*Rage +   I - +1 pair of boots "Vurij" {rC++ Regen+ Str+3 Dex-3}
Stlth    ..........             J - amulet of the acrobat
HPRegen  0.00/turn              f - ring of protection from fire
MPRegen  0.11/turn              o - ring of poison resistance

@: berserk cooldown, non-regenerating, lightly drained
A: damage resistance, heal wounds, [berserk 2], blurry vision 1, dopey 2,
negative energy resistance 1, sense surroundings 3, weak 1, subdued magic 1, no
regeneration
0: Orb of Zot
}: 3/15 runes: decaying, abyssal, gossamer
a: Heal Wounds, Minor Destruction, Lesser Servant of Makhleb, Major Destruction,
Greater Servant of Makhleb, Renounce Religion


You were on level 3 of the Depths.
You worshipped Makhleb.
Makhleb was exalted by your worship.
You visited 7 branches of the dungeon, and saw 38 of its levels.
You visited the Abyss 1 time.
You also visited: Gauntlet.

You collected 2680 gold pieces.
You spent 200 gold pieces at shops.

Inventory:

Hand Weapons
 a - a +6 broad axe of flaming (weapon)
   (You took it off a hell knight on level 10 of the Dungeon)
 b - a +2 hand axe of distortion
   (You took it off an orc on level 9 of the Dungeon)
 T - the +14 obsidian axe {vorpal, +Fly SInv *Curse}
   (You acquired it on level 4 of the Spider Nest)

   It inflicts extra damage upon your enemies.
   It lets you see invisible.
   It lets you fly.
   It curses itself when equipped.
Missiles
 G - a throwing net (quivered)
Armour
 c - a +0 kite shield
 e - a +1 pair of gloves (worn)
   (You found it on level 15 of the Dungeon)
 y - a +2 helmet (worn)
   (You found it on level 1 of the Dungeon)
 A - a +1 crystal plate armour
   (You found it in a Gauntlet)
 H - a +0 tower shield (worn)
   (You found it on level 8 of the Dungeon)
 I - the +1 pair of boots "Vurij" (worn) {rC++ Regen+ Str+3 Dex-3}
   (You found it in a Gauntlet)

   It affects your strength (+3).
   It affects your dexterity (-3).
   It greatly protects you from cold.
   It increases your rate of regeneration.
 O - a +0 cloak (worn)
   (You took it off Nikola on level 1 of the Swamp)
 R - +3 storm dragon scales {Bai Suzhen}
   (You found it on level 4 of the Swamp)
 W - +0 gold dragon scales (worn)
   (You found it on level 4 of the Depths)
Jewellery
 f - a ring of protection from fire (left hand)
   (You found it on level 3 of the Abyss)
 k - an uncursed ring of resist corrosion
   (You found it on level 3 of the Lair of Beasts)
 m - a +6 ring of strength
   (You found it on level 2 of the Dungeon)
 o - a ring of poison resistance (right hand)
   (You found it on level 2 of the Lair of Beasts)
 J - an amulet of the acrobat (around neck)
   (You found it on level 3 of the Lair of Beasts)
 V - an uncursed amulet of reflection {unknown}
   (You found it on level 4 of the Depths)
Wands
 g - a wand of digging (8)
   (You found it on level 8 of the Dungeon)
 K - a wand of enslavement (9)
   (You found it in a Gauntlet)
 L - a wand of acid (17)
   (You found it on level 11 of the Dungeon)
 M - a wand of iceblast (33)
   (You found it on level 7 of the Dungeon)
 U - a wand of paralysis (35)
   (You found it on level 5 of the Dungeon)
Scrolls
 j - a scroll of fog
 l - 2 scrolls of magic mapping
 r - 4 scrolls of identify
 t - 5 scrolls of teleportation
 v - a scroll of summoning
 x - 6 scrolls of remove curse
 B - a scroll of vulnerability
 C - 3 scrolls of fear
 E - 2 scrolls of immolation
 P - 2 scrolls of silence
 Q - a scroll of holy word
Potions
 d - a potion of might
 i - 5 potions of lignification
 n - 7 potions of resistance
 p - 3 potions of mutation
 q - 13 potions of curing
 s - a potion of flight
 u - 2 potions of heal wounds
 w - a potion of berserk rage
 D - 5 potions of ambrosia
 N - 4 potions of invisibility
 S - a potion of magic {unknown}
Miscellaneous
 F - a condenser vane (2/2)
   (You found it on level 12 of the Dungeon)


   Skills:
 + Level 17.5(17.4) Fighting
 - Level 18.0(17.9) Axes
 + Level 18.5(18.4) Armour
 - Level 3.7(3.6) Dodging
 + Level 18.2(18.1) Shields
 - Level 15.0(14.9) Invocations
 - Level 10.0(9.9) Evocations


You had 19 spell levels left.
You didn't know any spells.
Your spell library was empty.

Dungeon Overview and Level Annotations

Branches:
Dungeon (15/15)            Temple (1/1) D:5            Lair (4/6) D:10
  Swamp (4/4) Lair:3       Spider (4/4) Lair:4          Orc (0/2) D:10
 Vaults (0/5) D:13         Depths (5/5) D:15            Zot (5/5) Depths:5
Gauntlet (visited)

Altars:
Ashenzari
Cheibriados
Dithmenos
Elyvilon
Fedhas
Gozag
Hepliaklqana
Kikubaaqudgha
Makhleb
Nemelex Xobeh
Okawaru
Qazlal
Ru
Sif Muna
Trog
Uskayaw
Vehumet
Wu Jian
Xom
Zin
The Shining One

Shops:
D:4 ?   D:7 *   D:8 [   D:10 ([(   D:15 *

Portals:
Hell: Depths:3
Pandemonium: Depths:3 Depths:4
Ziggurat: Depths:3

Annotations:
D:15 3 runed translucent doors, Pipn's ghost, journeyman DEIE
Lair:2 exclusion: oklob plant


Innate Abilities, Weirdness & Mutations

You are resistant to damage.
You can heal yourself by infusing magical energy.
You resist negative energy. (rN+)
You passively map a large area around you.
You do not regenerate.
Scrolls take you a little longer to read.
You are very dopey. (Int -4)
You are weak. (Str -2)
Your spells are a little easier to cast, but a little less powerful.
[You often lose your temper in combat.]


Message History

Your body is wracked with pain!
* * * LOW HITPOINT WARNING * * *
You are too injured to fight recklessly!
You hit the Brimstone Fiend but do no damage.
The Brimstone Fiend is almost dead.
You slice the smoke demon!!
You kill the smoke demon!
Makhleb accepts your kill.
You feel better.
You slash the hellwing! You burn the hellwing.
You kill the hellwing!
Makhleb accepts your kill.
You feel the corruption within you wane somewhat.
Your vision sharpens a little.
You feel healthier.
Your connection to magic feels less subdued.
You are too injured to fight recklessly!
You hit the Brimstone Fiend but do no damage.
The Brimstone Fiend is almost dead.
The Brimstone Fiend gestures at you.
The sphere of damnation explodes!
The damnation engulfs you!!!
You die...

#....#..# ,, , ,,,
##......# * #.......#
** * * #..##...#* ≈ ≈
**, ##.#.#..# , , ,
##..##..##≈..⌠.≈#,
#.......##≈....≈+
#...1...##≈.P..≈#, ,
###.#@#.##≈....≈+ ,
#...#..##≈...8≈##
#..#.#.##≈._..≈≈#+#+
##.....##≈....8≈≈≈≈≈≈
##......#≈......8...,
#..#.#..'≈.._.......
##..#...'≈....._..P.
#..#.#..#≈≈.........
*#.......##≈≈≈≈≈≈≈≈≈≈


You could see a Brimstone Fiend.

Vanquished Creatures
  A juggernaut (Depths:3)
  Bai Suzhen (Swamp:4)
  5 golden dragons
  Nikola (Swamp:1)
  2 profane servitors (Abyss:5)
  A bone dragon (Swamp:4)
  2 tentacled monstrosities
  A hellephant (Abyss:5)
  2 quicksilver dragons
  Asterion (Depths:3)
  5 tentacled starspawn (Abyss:5)
  A sphinx (Depths:3)
  7 death cobs
  2 shadow dragons
  3 draconian monks (Zot:3)
  5 storm dragons
  A tengu reaver (Depths:4)
  A daeva (Abyss:5)
  4 fire giants
  3 frost giants
  A draconian scorcher (Depths:5)
  A deep elf sorcerer (Abyss:5)
  A cacodemon (Abyss:5)
  Aizul (Swamp:2)
  10 emperor scorpions
  An angel (Abyss:3)
  4 ghost moths (Spider:4)
  A draconian annihilator (Depths:5)
  A caustic shrike skeleton (Depths:1)
  An entropy weaver (Spider:4)
  6 very ugly things (Depths:4)
  2 stone giants
  A vampire knight (Depths:4)
  2 ophanim (Abyss:3)
  3 green draconians
  A corrupter (Depths:3)
  2 black draconians
  5 yellow draconians
  A minotaur (Gauntlet)
  A purple draconian (Zot:3)
  A spark wasp (Spider:4)
  A white draconian (Depths:5)
  3 red draconians
  6 ettins
  3 fire dragons
  3 great orbs of eyes
  3 rakshasas
  3 vault guards (D:13)
  A hell beast (Depths:3)
  3 ice dragons
  4 yaktaur captains
  Harold (D:8)
  8 hydras
  A shambling mangrove (Swamp:4)
  A spriggan air mage (Depths:3)
  A death knight (D:14)
  8 alligators
  A centaur warrior (D:15)
  4 two-headed ogres
  2 dancing weapons
  5 deep troll shamans
  A tengu warrior (D:13)
  2 ogre magi (D:10)
  A deep troll earth mage (Depths:3)
  A spriggan berserker (Depths:2)
  Urug (Lair:3)
  3 thrashing horrors (Abyss:5)
  A deep elf knight (D:10)
  6 wretched stars
  2 iron trolls (Depths:4)
  Nergalle (Lair:4)
  2 spatial maelstroms (Abyss:5)
  14 skeletal warriors
  3 spriggan druids (Swamp:4)
  12 hell knights
  2 shadow wraiths (Abyss:5)
  A death drake (Swamp:4)
  11 deep trolls
  2 glowing orange brains
  5 unseen horrors
  2 wizards (D:13)
  An infernal demonspawn (Depths:5)
  A flayed ghost (Abyss:5)
  3 spectral hydras
  A swamp dragon (Swamp:4)
  8 necromancers
  2 wolf spider zombies (D:15)
  A tengu zombie (Depths:1)
  2 deep elf magi (D:14)
  A lindwurm (Lair:4)
  19 wolf spiders
  10 orb spiders
  4 manticores
  17 ugly things
  A fire giant zombie (Depths:1)
  A centaur zombie (D:15)
  9 moths of wrath
  A stone giant zombie (Depths:1)
  7 cyclopes
  A storm dragon simulacrum (Abyss:5)
  2 black mambas (shapeshifter)
  3 gargoyles
  An orange demon (Abyss:5)
  5 smoke demons
  Maggie (D:7)
  4 efreet
  9 cane toads
  2 torpor snails
  7 kobold demonologists
  6 yaktaurs
  A rime drake (Lair:3)
  4 swamp worm zombies (Swamp:4)
  9 demonic crawlers
  3 hellwings (Depths:3)
  A komodo dragon (Lair:3)
  A red devil (Abyss:5)
  3 ancient zymes (Abyss:5)
  7 hornets
  3 trolls
  A silent spectre (Abyss:5)
  4 hydra zombies (Swamp:4)
  Prince Ribbit (Lair:3)
  4 tyrant leeches
  27 jumping spiders
  10 large abominations (Abyss:5)
  A tengu simulacrum (Depths:1)
  A wind drake (shapeshifter) (Gauntlet)
  17 blink frogs
  7 bog bodies
  19 slime creatures
  A dream sheep (shapeshifter) (Depths:3)
  5 raiju (Abyss:5)
  6 hippogriffs
  4 spriggans (Swamp:4)
  4 alligator zombies (Swamp:4)
  A redback (shapeshifter) (Depths:4)
  A ynoxinul (Abyss:5)
  52 redbacks
  3 water elementals (Abyss:5)
  2 shadows
  2 wraiths (D:14)
  2 wyverns
  Sigmund (D:4)
  2 vampires
  An ettin skeleton (Abyss:5)
  A spriggan (shapeshifter) (Gauntlet)
  18 tarantellas
  7 fire elementals (Zot:2)
  13 yaks
  Grum (D:8)
  Eustachio (D:4)
  17 humans (D:13)
  10 vampire mosquitoes
  2 chaos spawn (Abyss:5)
  3 basilisks
  4 neqoxecs (Abyss:5)
  An insubstantial wisp (Swamp:4)
  2 spatial vortices (Abyss:5)
  11 swamp worms
  A swamp worm (shapeshifter) (Depths:4)
  Edmund (D:5)
  7 water moccasins
  3 floating eyes (shapeshifter)
  A floating eye (Abyss:5)
  5 swamp drakes
  8 porcupines
  5 black bears
  6 orc warriors
  3 eyes of draining (D:13)
  5 sky beasts
  2 hornet zombies (D:15)
  2 ice beasts
  15 starcursed masses (Abyss:5)
  A necrophage (D:13)
  A phantom (D:4)
  7 ogres
  2 swamp dragon zombies (Swamp:4)
  15 centaurs
  3 small abominations
  3 wolves (D:8)
  12 big kobolds
  3 crocodiles
  An earth elemental (Abyss:5)
  18 bullfrogs
  2 scorpions
  7 killer bees
  2 howler monkeys
  4 wights
  3 electric eels
  6 hounds
  4 centaur skeletons
  8 orc wizards
  5 jellies
  3 orc priests
  4 iguanas
  2 spectral swamp drakes (Swamp:4)
  6 worker ants
  3 hound zombies
  A hound skeleton (D:5)
  2 worker ant zombies
  2 swamp drake zombies (Swamp:4)
  7 adders
  A shadow imp (D:8)
  An ufetubus (D:5)
  An adder skeleton (D:8)
  A worm (D:2)
  A dart slug (D:5)
  3 leopard geckos
  44 orcs
  A bat (D:2)
  4 giant cockroaches
  5 goblins
  6 hobgoblins
  7 jackals
  6 quokkas
  2 frilled lizards
  16 kobolds
  A quokka zombie (D:5)
  A rat (D:1)
  4 starspawn tentacles (Abyss:5)
969 creatures vanquished.

Vanquished Creatures (collateral kills)
  A death cob (Zot:5)
  A green draconian (Zot:3)
  A starcursed mass (Abyss:5)
  A purple draconian (Depths:5)
  A red draconian (Depths:5)
  A yaktaur captain (Depths:4)
  A rakshasa (Depths:4)
  A spriggan air mage (Depths:3)
  A deep troll earth mage (Depths:4)
  A hell knight (Depths:4)
  A spatial maelstrom (Abyss:5)
  2 deep trolls
  4 large abominations (Abyss:5)
  A wolf spider (Spider:3)
  3 orb spiders (Spider:4)
  An ugly thing (Depths:4)
  A necromancer (Depths:4)
  2 moths of wrath
  A black mamba (shapeshifter) (Depths:4)
  A smoke demon (Abyss:5)
  An orange demon (Abyss:5)
  A demonic crawler (Spider:3)
  2 ancient zymes (Abyss:5)
  A raiju (Abyss:5)
  3 jumping spiders
  5 slime creatures
  2 water elementals (Abyss:5)
  3 redbacks
  A tarantella (Spider:4)
  A fire elemental (Abyss:5)
  A neqoxec (Abyss:5)
  A floating eye (shapeshifter) (Depths:4)
  A hell hound (Abyss:5)
  A big kobold (Abyss:5)
  2 starspawn tentacles (Abyss:5)
53 creatures vanquished.

Vanquished Creatures (others)
  A spriggan (Swamp:1)
  A death drake (shapeshifter) (Gauntlet)
  A moth of wrath (Zot:2)
  A cane toad (Swamp:4)
  A hornet (Swamp:1)
  A raiju (Abyss:5)
  A starcursed mass (Abyss:5)
  A jelly (Abyss:5)
  19 demonic plants (Gauntlet)
  8 fungi
  19 plants
  10 starspawn tentacles (Abyss:5)
  4 withered plants (Gauntlet)
68 creatures vanquished.

Grand Total: 1090 creatures vanquished

Notes
Turn   | Place    | Note
-------+----------+-------------------------------------------
     0 | D:1      | Flugslaktarn the Deep Dwarf Fighter began the quest for the
                  | Orb.
     0 | D:1      | Reached XP level 1. HP: 20/20 MP: 1/1
    99 | D:1      | Reached XP level 2. HP: 24/27 MP: 2/2
   550 | D:2      | Reached XP level 3. HP: 17/33 MP: 3/3
   800 | D:4      | Noticed Eustachio
   802 | D:4      | Found Zepp's Magic Scroll Shop.
   822 | D:4      | Killed Eustachio
   822 | D:4      | Reached XP level 4. HP: 42/42 MP: 4/4
   822 | D:4      | Reached XP level 5. HP: 49/49 MP: 5/5
   948 | D:4      | Reached XP level 6. HP: 51/56 MP: 6/6
  1224 | D:4      | Noticed Sigmund
  1229 | D:4      | Killed Sigmund
  1229 | D:4      | Reached skill level 5 in Axes
  1275 | D:4      | Reached XP level 7. HP: 53/64 MP: 7/7
  1660 | D:4      | Reached skill level 5 in Armour
  1660 | D:4      | Reached skill level 5 in Shields
  1857 | D:5      | Entered Level 5 of the Dungeon
  1965 | D:5      | Reached skill level 1 in Dodging
  2027 | D:5      | Found a staircase to the Ecumenical Temple.
  2040 | Temple   | Entered the Ecumenical Temple
  2100 | Temple   | Became a worshipper of Makhleb the Destroyer
  2190 | D:5      | Noticed Edmund
  2224 | D:5      | Killed Edmund
  2224 | D:5      | Reached skill level 1 in Invocations
  2224 | D:5      | Reached skill level 1 in Evocations
  2266 | D:5      | Reached XP level 8. HP: 37/73 MP: 8/8
  3212 | D:7      | Reached * piety under Makhleb
  3222 | D:7      | Noticed Maggie
  3248 | D:7      | Killed Maggie
  3248 | D:7      | Reached skill level 5 in Fighting
  3375 | D:7      | Gained mutation: You passively map the area around you.
                  | [Deep Dwarf growth]
  3375 | D:7      | Reached XP level 9. HP: 52/81 MP: 9/9
  3609 | D:7      | Found Fiothocy's Assorted Antiques.
  3631 | D:7      | Bought a scroll labeled TIUHAW DUAH for 22 gold pieces
  3631 | D:7      | Bought a scroll labeled NEBBEATEMO for 22 gold pieces
  3631 | D:7      | Bought a scroll labeled NEBBEATEMO for 22 gold pieces
  3631 | D:7      | Bought a scroll labeled QAFUESANA for 22 gold pieces
  3631 | D:7      | Bought a scroll labeled FAHEFI GYLUXT for 22 gold pieces
  3656 | D:7      | Acquired a manual of Fighting
  3971 | D:8      | Killed an unseen horror
  4035 | D:8      | Noticed a two-headed ogre
  4059 | D:8      | Killed a two-headed ogre
  4059 | D:8      | Reached skill level 5 in Invocations
  4059 | D:8      | Reached skill level 5 in Evocations
  4099 | D:8      | Reached XP level 10. HP: 53/92 MP: 9/9
  4106 | D:8      | Noticed Harold
  4111 | D:8      | Reached ** piety under Makhleb
  4135 | D:8      | Noticed Grum
  4136 | D:8      | Killed Harold
  4150 | D:8      | Killed Grum
  4204 | D:8      | Found Zobuoxaa's Armour Emporium.
  4455 | D:9      | Noticed a gargoyle
  4460 | D:9      | Reached skill level 10 in Axes
  4491 | D:9      | Killed a gargoyle
  4980 | D:10     | Entered Level 10 of the Dungeon
  4994 | D:10     | Noticed a two-headed ogre
  5011 | D:10     | Killed a two-headed ogre
  5052 | D:10     | Found Diugared's Weapon Shoppe.
  5191 | D:10     | Killed an unseen horror
  5191 | D:10     | Reached XP level 11. HP: 79/103 MP: 9/9
  5195 | D:10     | Reached *** piety under Makhleb
  5207 | D:10     | Found Utiwabla's Armour Emporium.
  5208 | D:10     | Found a staircase to the Orcish Mines.
  5208 | D:10     | Found Jecseck's Weapon Emporium.
  5345 | D:10     | Found a staircase to the Lair.
  5399 | D:10     | Found a runed translucent door.
  5399 | D:10     | Noticed a hell knight
  5399 | D:10     | Noticed an ettin
  5401 | D:10     | Noticed a storm dragon
  5401 | D:10     | Noticed an ogre mage
  5401 | D:10     | Noticed a yaktaur captain
  5401 | D:10     | Noticed a deep elf knight
  5401 | D:10     | Noticed an ogre mage
  5402 | D:10     | Noticed a death drake
  5402 | D:10     | a torpor snail changed into a death drake
  5403 | D:10     | a death drake changed into a tarantella
  5532 | D:11     | Noticed a two-headed ogre
  5543 | D:11     | Killed a two-headed ogre
  5797 | D:11     | Noticed a white ugly thing
  5816 | D:11     | Killed a white ugly thing
  5877 | D:11     | Noticed a skeletal warrior
  5878 | D:11     | Noticed a skeletal warrior
  5879 | D:11     | Noticed a skeletal warrior
  5880 | D:11     | Noticed a skeletal warrior
  5880 | D:11     | Noticed a skeletal warrior
  5912 | D:11     | Killed a skeletal warrior
  5919 | D:11     | Killed a skeletal warrior
  5965 | D:11     | Killed a skeletal warrior
  5971 | D:11     | Killed a skeletal warrior
  5989 | D:11     | Killed a skeletal warrior
  6660 | D:12     | Got a steaming battleaxe
  6661 | D:12     | Identified the cursed +3 battleaxe "Wibyu" {vorpal, Int+5}
                  | (You found it on level 12 of the Dungeon)
  6677 | D:12     | Found a gate leading to a gauntlet.
  6691 | Gauntlet | Entered a Gauntlet
  6691 | Gauntlet | Found a transporter.
  6691 | Gauntlet | Found a transporter.
  6691 | Gauntlet | Noticed a death scarab
  6695 | Gauntlet | Noticed a catoblepas
  6703 | Gauntlet | Found a transporter.
  6720 | Gauntlet | Noticed a great orb of eyes
  6721 | Gauntlet | Found a transporter.
  6721 | Gauntlet | Found a transporter.
  6721 | Gauntlet | Found a transporter.
  6721 | Gauntlet | Noticed a brown ugly thing
  6721 | Gauntlet | Noticed a green ugly thing
  6723 | Gauntlet | Found a transporter.
  6723 | Gauntlet | Found a transporter.
  6725 | Gauntlet | Noticed a sun demon
  6735 | Gauntlet | Found a transporter.
  6751 | Gauntlet | Found a transporter.
  6761 | Gauntlet | Found a transporter.
  6762 | Gauntlet | Noticed a swamp dragon
  6766 | Gauntlet | Noticed a fire crab
  6769 | Gauntlet | Noticed a fire crab
  6769 | Gauntlet | a raiju changed into a fire crab
  6770 | Gauntlet | a fire crab changed into a yaktaur
  6778 | Gauntlet | Found a transporter.
  6781 | Gauntlet | Noticed a lindwurm
  6781 | Gauntlet | a yaktaur changed into a lindwurm
  6790 | Gauntlet | Found the +4 moon troll leather armour {Spirit, Regen++
                  | MP+5}
  6795 | Gauntlet | Found a transporter.
  6806 | Gauntlet | Found a transporter.
  7007 | Gauntlet | Paralysed by a great orb of eyes for 3 turns
  7015 | Gauntlet | Killed a purple ugly thing
  7029 | Gauntlet | Killed a purple ugly thing
  7029 | Gauntlet | Reached XP level 12. HP: 107/115 MP: 1/8
  7035 | Gauntlet | Killed a great orb of eyes
  7095 | Gauntlet | Paralysed by a floating eye for 4 turns
  7112 | Gauntlet | Noticed an anaconda
  7112 | Gauntlet | a swamp worm changed into an anaconda
  7115 | Gauntlet | an anaconda changed into a merfolk
  7140 | Gauntlet | Got a pair of crude boots
  7151 | Gauntlet | Identified the +1 pair of boots "Vurij" {rC++ Regen+ Str+3
                  | Dex-3} (You found it in a Gauntlet)
  7172 | Gauntlet | Identified the cursed +0 executioner's axe of True Grit
                  | {vorpal, rN+}
  7172 | Gauntlet | Noticed a minotaur
  7184 | Gauntlet | Killed a minotaur
  8001 | D:10     | Killed an ettin
  8001 | D:10     | Reached skill level 10 in Fighting
  8024 | D:10     | Killed a storm dragon
  8031 | D:10     | Killed an ogre mage
  8035 | D:10     | Killed a yaktaur captain
  8059 | D:10     | Reached skill level 10 in Armour
  8062 | D:10     | Killed an ogre mage
  8156 | D:13     | Reached skill level 10 in Invocations
  8156 | D:13     | Reached skill level 10 in Evocations
  8232 | D:13     | Reached XP level 13. HP: 124/124 MP: 7/7
  8277 | D:13     | Reached **** piety under Makhleb
  8419 | D:13     | Found a gate to the Vaults.
  8536 | D:13     | Paralysed by a floating eye for 2 turns
  8607 | D:13     | Reached ***** piety under Makhleb
  8648 | D:13     | Reached skill level 10 in Shields
  8744 | D:13     | Found a blossoming altar of Fedhas.
  9277 | D:14     | Gained mutation: You resist negative energy. (rN+) [Deep
                  | Dwarf growth]
  9277 | D:14     | Reached XP level 14. HP: 70/138 MP: 9/9
  9293 | D:14     | Got a heavily runed platinum ring
  9649 | D:15     | Entered Level 15 of the Dungeon
  9649 | D:15     | Found Qoixuehuc's General Store.
  9728 | D:15     | Bought a scroll of enchant weapon for 90 gold pieces
  9753 | D:15     | Reached skill level 15 in Axes
  9884 | D:15     | Identified the cursed ring "Bagot" {+Blink +Fly Int-4} (You
                  | found it on level 14 of the Dungeon)
  9990 | D:15     | Found a runed translucent gate.
  9990 | D:15     | Found a runed translucent gate.
  9990 | D:15     | Found a runed translucent gate.
  9991 | D:15     | Noticed a frost giant
  9999 | D:15     | Noticed Pipn's ghost (journeyman DEIE)
 10039 | D:15     | Reached ****** piety under Makhleb
 10378 | D:15     | Found a staircase to the Depths.
 10797 | Lair:1   | Entered Level 1 of the Lair of Beasts
 11154 | Lair:3   | Found a staircase to the Swamp.
 11323 | Lair:3   | Noticed Prince Ribbit
 11343 | Lair:3   | Killed Prince Ribbit
 11544 | Lair:3   | Noticed Urug
 11555 | Lair:3   | Killed Urug
 11916 | Lair:4   | Found a hole to the Spider Nest.
 11923 | Lair:4   | Noticed Nergalle
 11940 | Lair:4   | Killed Nergalle
 11940 | Lair:4   | Reached XP level 15. HP: 147/147 MP: 11/11
 12041 | Swamp:1  | Entered Level 1 of the Swamp
 12130 | Swamp:1  | Noticed Nikola
 12147 | Swamp:1  | Killed Nikola
 12475 | Swamp:2  | Noticed Aizul
 12504 | Swamp:2  | Killed Aizul
 12877 | Swamp:4  | Entered Level 4 of the Swamp
 13085 | Swamp:4  | Noticed Bai Suzhen
 13148 | Swamp:4  | Killed Bai Suzhen
 13666 | Swamp:4  | Noticed a bone dragon
 13686 | Swamp:4  | Killed a bone dragon
 13691 | Swamp:4  | Got a decaying rune of Zot
 13821 | Swamp:2  | Got a bloodstained chain mail
 13822 | Swamp:2  | Identified the cursed +1 chain mail of Foyly {rC+ Dex+3
                  | Stlth+} (You found it on level 2 of the Swamp)
 13838 | Swamp:1  | Reached XP level 16. HP: 142/151 MP: 12/12
 13977 | Spider:1 | Entered Level 1 of the Spider Nest
 14313 | Spider:4 | Entered Level 4 of the Spider Nest
 15071 | Spider:4 | Reached skill level 15 in Invocations
 15113 | Spider:4 | Reached XP level 17. HP: 162/162 MP: 0/14
 15266 | Spider:4 | Got a gossamer rune of Zot
 15336 | Spider:4 | Acquired the +14 obsidian axe {vorpal, +Fly SInv *Curse}
 15337 | Spider:4 | Found the +14 obsidian axe {vorpal, +Fly SInv *Curse}
 15864 | Depths:1 | Entered Level 1 of the Depths
 15895 | D:15     | Cast into level 3 of the Abyss (unwielding a weapon of
                  | distortion)
 15904 | Abyss:3  | Gained mutation: Your spells are a little easier to cast,
                  | but a little less powerful. [mutagenic glow]
 15956 | Abyss:3  | Found a glowing golden altar of the Shining One.
 16045 | Abyss:5  | Entered Level 5 of the Abyss
 16088 | Abyss:5  | Noticed a hellephant
 16104 | Abyss:5  | Killed a hellephant
 16127 | Abyss:5  | Found a corrupted altar of Lugonu.
 16132 | Abyss:5  | Noticed a profane servitor
 16162 | Abyss:5  | Killed a profane servitor
 16194 | Abyss:5  | Gained mutation: Scrolls take you longer to read. [a
                  | cacodemon]
 16221 | Abyss:5  | Reached skill level 15 in Armour
 16251 | Abyss:5  | Reached skill level 15 in Fighting
 16259 | Abyss:5  | Noticed a profane servitor
 16274 | Abyss:5  | Killed a profane servitor
 16283 | Abyss:5  | Gained mutation: You are dopey. (Int -2) [a neqoxec]
 16338 | Abyss:5  | Gained mutation: You are very dopey. (Int -4) [a neqoxec]
 16339 | Abyss:5  | Gained mutation: You are weak. (Str -2) [a neqoxec]
 16397 | Abyss:5  | Paralysed by accursed screaming for 1 turns
 16423 | Abyss:5  | Reached skill level 15 in Shields
 16481 | Abyss:5  | Found a corrupted altar of Lugonu.
 16505 | Abyss:5  | Found a corrupted altar of Lugonu.
 16555 | Abyss:5  | Found a roughly hewn altar of Beogh.
 16641 | Abyss:5  | Gained mutation: You passively map a large area around you.
                  | [Deep Dwarf growth]
 16641 | Abyss:5  | Reached XP level 18. HP: 142/142 MP: 6/6
 16755 | Abyss:5  | Paralysed by a floating eye for 2 turns
 16771 | Abyss:5  | Got an abyssal rune of Zot
 16778 | D:15     | Escaped the Abyss
 16977 | Depths:3 | Noticed a juggernaut
 16996 | Depths:3 | Killed a juggernaut
 17008 | Depths:3 | Noticed Asterion
 17033 | Depths:3 | Killed Asterion
 17135 | Depths:3 | Found a shimmering blue altar of Sif Muna.
 17136 | Depths:3 | Found a sacrificial altar of Ru.
 17136 | Depths:3 | Found a sparkling altar of Nemelex Xobeh.
 17136 | Depths:3 | Found a gateway to Hell.
 17138 | Depths:3 | Found a one-way gate leading to the halls of Pandemonium.
 17141 | Depths:3 | Found a gateway to a ziggurat.
 17250 | Depths:4 | Noticed a golden dragon
 17263 | Depths:4 | Killed a golden dragon
 17320 | Depths:4 | Noticed a golden dragon
 17329 | Depths:4 | Identified the +7 morningstar of Xeiheafi {protect, *Slow
                  | rPois MR++ Dex+4}
 17333 | Depths:4 | Killed a golden dragon
 17333 | Depths:4 | Reached XP level 19. HP: 190/190 MP: 14/14
 17335 | Depths:4 | Noticed a golden dragon
 17359 | Depths:4 | Killed a golden dragon
 17559 | Depths:5 | Entered Level 5 of the Depths
 17700 | Depths:5 | Found a gate to the Realm of Zot.
 17711 | Zot:1    | Entered Level 1 of the Realm of Zot
 17714 | Zot:1    | Noticed a golden dragon
 17724 | Zot:1    | Killed a golden dragon
 17970 | Zot:2    | Acquired 920 gold pieces
 17993 | Zot:4    | Noticed a golden dragon
 18009 | Zot:4    | Killed a golden dragon
 18015 | Zot:5    | Entered Level 5 of the Realm of Zot
 18031 | Zot:5    | Reached XP level 20. HP: 80/201 MP: 14/14
 18227 | Zot:5    | Noticed an ancient lich
 18227 | Zot:5    | Noticed an ancient lich
 18227 | Zot:5    | Noticed a Killer Klown
 18227 | Zot:5    | Noticed a Killer Klown
 18227 | Zot:5    | Noticed an orb of fire
 18228 | Zot:5    | Noticed an ancient lich
 18228 | Zot:5    | Noticed a Killer Klown
 18235 | Zot:5    | Got the Orb of Zot
 18294 | Zot:5    | Found a shadowy altar of Dithmenos.
 18486 | Depths:5 | Noticed Gieragruy the pandemonium lord
 18501 | Depths:4 | Noticed Yddoga the pandemonium lord
 18604 | Depths:3 | Killed from afar by a Brimstone Fiend

Illustrated notes

Levels and vault maps discovered:
D:1:      dpeg_arrival_morbid_curiosity, layout_rooms, serial_bayou_pond_a,
          minivault_26
D:2:      layout_loops_ring, minmay_cut_off
D:3:      layout_loops_corners, nicolae_overflow_hidden_temple
D:4:      layout_layer_cave, serial_shops, shop, portal_sewer_entry_d,
          uniq_sigmund, uniq_eustachio
D:5:      layout_loops_ring, minmay_temple_entry_overgrown, minivault_14,
          uniq_edmund
D:6:      layout_cave_pools
D:7:      layout_rooms, serial_shops, shop, uniq_maggie
D:8:      layout_cave_pools, serial_shops, shop, uniq_grum, uniq_harold
D:9:      layout_roguey
D:10:     minmay_gate_of_8, layout_rooms, grunt_lair_entry_orc_guard_hut,
          orc_david_3, serial_shops, shop
D:11:     layout_cave_pods
D:12:     layout_grid_maze, gauntlet_entry_generic
D:13:     layout_roguey, grunt_vaults_entry_tiered, fedhas_altar_decomposition
D:14:     layout_cave_pools, kennysheep_nub, grunt_tough_drop
D:15:     grunt_enter_depths_hoard, layout_long_grid, serial_shops, shop,
          maelrawn_ghost_gauntlet_escape, bh_walls_and_bars, st_stairs_4
Temple:   dpeg_three_leaves_temple
Lair:1:   layout_cellular_growth, minmay_hedge_maze, grunt_megastairs_3,
          uniq_fannar
Lair:2:   layout_big_grid, minmay_lair_oklob_chamber, uniq_sonja
Lair:3:   layout_regular_city, nicolae_swamp_entry_splash_gauntlet, uniq_urug,
          uniq_prince_ribbit2
Lair:4:   layout_cave_shapes, spider_nest_entry_web_field, uniq_nergalle
Swamp:1:  layout_basic_swamp, serial_swamp_ruin, evilmike_swamp_ruin_house_6,
          hangedman_swamp_ruin_wall, uniq_nikola, uniq_roxanne
Swamp:2:  layout_basic_swamp, nicolae_swamp_godswood, uniq_aizul
Swamp:3:  layout_falls_marsh, ebering_ghost_reflecting_pool,
          nicolae_swamp_fairy_circle
Swamp:4:  swamp_pestilence, layout_basic_swamp, swamp_pool1, uniq_bai_suzhen
Spider:1: layout_spider_delve
Spider:2: layout_spider_delve
Spider:3: layout_spider_delve
Spider:4: grunt_spider_rune_circles
Depths:1: minmay_the_grid_four_pointed_star
          [minmay_the_grid_triangle_9x9_negative_grid,
          minmay_the_grid_triangle_9x9_shrine,
          minmay_the_grid_triangle_9x9_pentomino_pain,
          minmay_the_grid_triangle_9x9_zippers_vertical,
          minmay_the_grid_prize_diamond_cup], layout_cave_pools, serial_shops,
          bzr_entry_customers, nicolae_shop_crystal, kennysheep_mini, shop,
          shop, chequers_serial_rivers_small_3, hell_entry, pan_entry,
          chequers_serial_rivers_room_b, minmay_shop_grid_forest,
          minmay_orc_keep
Depths:2: lightli_eight_chambers, layout_gridlike, nrook_campfire,
          lightli_too_deep, infiniplex_staircase_pool_2
Depths:3: hangedman_slaughterboxes, pan_entry, hell_entry, uniq_asterion
Depths:4: grunt_crosshair, layout_cross, pan_entry, abyss_entry,
          pf_hell_entry_tar_river, hangedman_decor_slide_cut, enter_trove_5,
          minmay_shoptagon, infiniplex_staircase_zigzag_5, firewood_loft
Depths:5: grunt_zot_entry_gee_three, layout_honeycomb, rand_demon_pan_entry_3,
          minmay_crystal_water, hangedman_coc_ice_floe, minmay_metal_thing,
          uniq_mennas
Zot:1:    kennysheep_spiral_hall, layout_misc_corridors
Zot:2:    lemuel_firehouse, layout_concentric_octagons
Zot:3:    layout_onion_interference
Zot:4:    gammafunk_dig_for_victory, layout_cellular_growth, st_stairs_13
Zot:5:    layout_gridville, hangedman_feature_mirror, nicolae_zot_crop_circle

Skill      XL: |  1  2  3  4  5  6  7  8  9 10 11 12 13 14 15 16 17 18 19 |
---------------+----------------------------------------------------------+-----
Axes           | 3 4 5 6 8 9 10 12 13 14 16 17 18 | 18.0
Fighting       | 3 4 5 6 8 9 10 12 13 14 15 16 17 | 17.5
Armour         | 4 5 6 7 8 9 10 11 12 13 14 15 17 18 | 18.5
Shields        | 4 5 7 8 9 10 11 12 13 15 16 18 | 18.2
Dodging        | 1 3 |  3.7
Invocations    | 1 3 5 7 8 10 11 12 13 15 | 15.0
Evocations     | 1 3 5 6 8 10 | 10.0

Action                   |  1- 3 |  4- 6 |  7- 9 | 10-12 | 13-15 | 16-18 | 19-21 || total
-------------------------+-------+-------+-------+-------+-------+-------+-------++-------
Melee: War axe           |    87 |    44 |   341 |   627 |       |       |       ||  1099
       Broad axe         |       |       |       |    32 |  1072 |  1115 |   389 ||  2608
Invok: Lesser Servant of |       |       |       |     6 |       |       |       ||     6
       Greater Servant o |       |       |       |       |       |     2 |       ||     2
 Abil: Heal Wounds       |     1 |       |    18 |    31 |     7 |     8 |    29 ||    94
Evoke: Wand              |       |       |       |     6 |     1 |     1 |     1 ||     9
       Condenser vane    |       |       |       |     1 |     2 |       |     1 ||     4
  Use: Scroll            |       |       |    21 |    13 |    14 |     8 |     7 ||    63
       Potion            |       |       |       |     3 |     1 |       |     3 ||     7
 Stab: Held in net/web   |       |       |       |       |       |     2 |       ||     2
       Distracted        |       |       |       |       |       |     5 |     5 ||    10
       Invisible         |       |       |       |       |       |     1 |       ||     1
       Paralysed         |       |       |       |       |       |       |     1 ||     1
Armor: Scale mail        |    30 |       |       |       |       |       |       ||    30
       Chain mail        |    19 |    38 |   121 |       |       |       |       ||   178
       Plate armour      |       |       |    89 |   350 |       |       |       ||   439
       Crystal plate arm |       |       |       |    68 |   736 |   640 |       ||  1444
       Storm dragon scal |       |       |       |       |    13 |    84 |   232 ||   329
       Gold dragon scale |       |       |       |       |       |       |   163 ||   163
Dodge: Dodged            |    25 |    19 |   104 |   141 |   210 |   238 |   144 ||   881
Block: Kite shield       |    40 |    26 |   178 |       |       |       |       ||   244
       Tower shield      |       |       |    67 |   625 |  1163 |  1127 |   575 ||  3557

Table legend: (Time is in decaauts)
 A = Elapsed time spent in this place.
 B = Non-inter-level travel time spent in this place.
 C = Inter-level travel time spent in this place.
 D = Time resting spent in this place.
 E = Time spent auto-exploring this place.
 F = Levels seen in this place.
 G = Mean time per level.
                   A        B        C        D        E       F      G
               +--------+--------+--------+--------+--------+-----+--------+
         Total |  18665 |  16815 |   1850 |    745 |   9598 |  42 |  444.4 |
       Dungeon |  10556 |   9657 |    899 |     20 |   6766 |  15 |  703.7 |
        Temple |     69 |     58 |     11 |      0 |     56 |   1 |   69.0 |
          Lair |   1459 |   1142 |    317 |      0 |    818 |   4 |  364.8 |
         Swamp |   1978 |   1713 |    265 |    370 |    664 |   4 |  494.5 |
   Spider Nest |   1468 |   1332 |    136 |      0 |    620 |   4 |  367.0 |
        Depths |   1035 |    930 |    105 |      0 |    273 |   5 |  207.0 |
           Zot |    742 |    627 |    115 |    196 |     61 |   5 |  148.4 |
         Abyss |    815 |    815 |      0 |     17 |    204 |   3 |  271.7 |
      Gauntlet |    539 |    539 |      0 |    142 |    134 |   1 |  539.0 |
               +--------+--------+--------+--------+--------+-----+--------+

Top non-repeatable levels by time:
     D:4: 1158 daAuts
    D:11: 1141 daAuts
    D:13: 1069 daAuts
    D:15: 1017 daAuts
Spider:4: 1010 daAuts
    D:12: 942 daAuts
 Swamp:4: 935 daAuts
  Lair:3: 871 daAuts
     D:5: 818 daAuts
    D:10: 730 daAuts
 Abyss:5: 675 daAuts
     D:8: 674 daAuts
     D:9: 621 daAuts
    D:14: 576 daAuts
     D:7: 565 daAuts
